 Dungeon Crawl Stone Soup version 0.22-a0-521-gb1378044ac (webtiles) character file.

581 Kaname the Conjurer (level 7, 46/46 HPs)
             Began as a Demonspawn Wizard on June 20, 2018.
             Was an Initiate of Gozag.
             Quit the game on level 5 of the Dungeon.
             The game lasted 00:12:59 (4306 turns).

Kaname the Conjurer (Demonspawn Wizard)             Turns: 4306, Time: 00:13:00

Health: 46/46      AC:  4    Str:  7    XL:     7   Next: 14%
Magic:  4/14       EV: 12    Int: 22    God:    Gozag
Gold:   306        SH:  0    Dex: 11    Spells: 7/16 levels left

rFire    . . .     SeeInvis .   r - +0 short sword
rCold    . . .     Gourm    .   (no shield)
rNeg     . . .     Faith    .   a - +0 robe
rPois    .         Spirit   .   x - +0 helmet
rElec    .         Reflect  .   j - +0 cloak
rCorr    .         Harm     .   (gloves unavailable)
MR       +....                  (no boots)
Stlth    +++.......             h - amulet of regeneration
HPRegen  0.55/turn              k - ring of protection from magic
MPRegen  0.14/turn              (no ring)

@: gold aura
A: claws 3, nightstalker 1, sanguine armour 1
a: Potion Petition, Call Merchant, Bribe Branch, Renounce Religion


You were on level 5 of the Dungeon.
You worshipped Gozag.
Gozag was aware of your devotion.
You were not hungry.

You visited 2 branches of the dungeon, and saw 6 of its levels.

You collected 365 gold pieces.
You paid 59 gold pieces to Gozag.

Inventory:

Hand Weapons
 r - a +0 short sword (weapon)
 A - a +0 spear
Missiles
 f - 91 arrows
Armour
 a - a +0 robe (worn)
 b - a +0 hat
 j - a +0 cloak (worn)
 x - a +0 helmet (worn)
Jewellery
 h - an amulet of regeneration (around neck)
 i - a +2 ring of strength {unknown}
 k - a ring of protection from magic (left claw)
Wands
 t - a wand of polymorph (15)
 y - a wand of random effects (14)
Scrolls
 m - 6 scrolls of remove curse {unknown}
 n - a scroll of enchant armour {unknown}
 p - 2 scrolls of teleportation {unknown}
 q - 2 scrolls of fog {unknown}
 s - a scroll of blinking {unknown}
 v - 2 scrolls of enchant weapon {unknown}
 w - 2 scrolls of fear {unknown}
 z - a scroll of magic mapping {unknown}
Potions
 c - 2 potions of heal wounds
 e - 2 potions of lignification {unknown}
 g - a potion of mutation
 l - 3 potions of brilliance {unknown}
 o - 2 potions of might
 u - 3 potions of agility {unknown}
Comestibles
 d - 6 rations


   Skills:
 - Level 1.7 Dodging
 - Level 1.7 Stealth
 - Level 5.0 Spellcasting
 + Level 6.2 Conjurations
   Level 1.0 Summonings
 - Level 0.8 Translocations


You had 7 spell levels left.
You knew the following spells:

 Your Spells              Type           Power        Failure   Level  Hunger
a - Magic Dart            Conj           ####         1%          1    None
b - Blink                 Tloc           N/A          11%         2    None
c - Mephitic Cloud        Conj/Pois/Air  ##......     13%         3    ##.....
d - Conjure Flame         Conj/Fire      ###.....     9%          3    ##.....

Your spell library contained the following spells:

 Spells                   Type           Power        Failure   Level  Hunger
 Slow                     Hex            #.......     16%         2    None
 Call Imp                 Summ           #.......     10%         2    None


Dungeon Overview and Level Annotations

Branches:
Dungeon (5/15)             Temple (1/1) D:4

Altars:
Ashenzari
Cheibriados
Dithmenos
Fedhas
Gozag
Kikubaaqudgha
Makhleb
Okawaru
Qazlal
Ru
Trog
Uskayaw
Vehumet
Zin

Annotations:
D:5 Dowan


Innate Abilities, Weirdness & Mutations

You have claws for hands.
You are slightly more attuned to the shadows.
When seriously injured, your bleeding wounds create armour. (AC +0)


Message History

Confirm with . or Enter, or press ? or * to list all spells.
Aiming: Magic Dart (safe; 1% risk of failure)
Press: ? - help, Shift-Dir - straight line, f/p - ogre
Aim: an ogre, wielding a giant club (severely wounded)
The magic dart hits the ogre.
The ogre is severely wounded.
The ogre barely misses you.
Casting: Magic Dart (safe; 1% risk of failure)
Confirm with . or Enter, or press ? or * to list all spells.
Aiming: Magic Dart (safe; 1% risk of failure)
Press: ? - help, Shift-Dir - straight line, f/p - ogre
Aim: an ogre, wielding a giant club (severely wounded)
The magic dart hits the ogre.
You kill the ogre!
Your Conjurations skill increases to level 6!
You have reached level 7!
Your demonic ancestry asserts itself...
You feel your blood ready itself to protect you.
Unknown command.
Are you sure you want to abandon this character and quit the game? (Confirm with "yes".)

#. #.........# #.
#.........# #.##
#.......... #####..##
#.........#
#.......###.........#
#...o.#.##......#####
#........)...#### #
#.....#..#####
#...@...## ###.#$..#
#.#.#.# #.#.#.#
#...#.# #..##.#
###...... ......$
......


You could see an orc.

Vanquished Creatures
  A phantom (D:5)
  An ogre (D:5)
  A centaur (D:5)
  A bullfrog zombie (D:5)
  An orc priest (D:3)
  A hound (D:5)
  Ijyb (D:3)
  2 orc wizards
  A hound skeleton (D:5)
  A gnoll (D:1)
  5 adders
  An ooze (D:2)
  An adder skeleton (D:4)
  2 dart slugs
  6 leopard geckos
  6 orcs
  2 ball pythons (D:1)
  3 giant cockroaches
  11 goblins
  5 hobgoblins
  8 jackals
  5 kobolds
  5 quokkas
  5 bats
  4 frilled lizards
  A leopard gecko zombie (D:5)
  7 rats
88 creatures vanquished.

Notes
Turn   | Place    | Note
-------+----------+-------------------------------------------
     0 | D:1      | Kaname the Demonspawn Wizard began the quest for the Orb.
     0 | D:1      | Reached XP level 1. HP: 13/13 MP: 4/4
   183 | D:1      | Reached skill level 2 in Conjurations
   195 | D:1      | Gained mutation: You are slightly more attuned to the shadows. [demonic ancestry]
   195 | D:1      | Reached XP level 2. HP: 4/19 MP: 0/6
   852 | D:1      | Reached skill level 3 in Conjurations
   893 | D:1      | Gained mutation: You have sharp fingernails. [demonic ancestry]
   893 | D:1      | Reached XP level 3. HP: 22/24 MP: 7/7
   895 | D:1      | Found a shattered altar of Ashenzari.
  1214 | D:1      | Learned a level 2 spell: Blink
  1218 | D:1      | Learned a level 3 spell: Mephitic Cloud
  1940 | D:2      | Found a hide-covered altar of Uskayaw.
  2052 | D:2      | Found a blossoming altar of Fedhas.
  2450 | D:3      | Gained mutation: You have very sharp fingernails. [demonic ancestry]
  2450 | D:3      | Reached XP level 4. HP: 30/30 MP: 0/8
  2473 | D:3      | Reached skill level 4 in Conjurations
  2520 | D:3      | Learned a level 3 spell: Conjure Flame
  2728 | D:3      | Noticed Ijyb
  3042 | D:3      | Found a faded altar of an unknown god.
  3128 | D:3      | Reached skill level 5 in Conjurations
  3128 | D:3      | Reached XP level 5. HP: 35/35 MP: 1/9
  3462 | D:4      | Found a staircase to the Ecumenical Temple.
  3470 | Temple   | Entered the Ecumenical Temple
  3475 | Temple   | Became a worshipper of Gozag Ym Sagoz the Greedy
  3919 | D:3      | Killed Ijyb
  3959 | D:5      | Entered Level 5 of the Dungeon
  3959 | D:5      | Noticed a phantom
  3988 | D:5      | Noticed Dowan
  4061 | D:5      | Killed a phantom
  4061 | D:5      | Gained mutation: You have claws for hands. [demonic ancestry]
  4061 | D:5      | Reached XP level 6. HP: 41/41 MP: 0/11
  4256 | D:5      | Reached skill level 5 in Spellcasting
  4305 | D:5      | Reached skill level 6 in Conjurations
  4305 | D:5      | Gained mutation: When seriously injured, your bleeding wounds create armour. (AC +0) [demonic ancestry]
  4305 | D:5      | Reached XP level 7. HP: 46/46 MP: 4/14
  4306 | D:5      | Quit the game

Vault maps used:
D:1:      scummos_arrival_forest, minmay_misc_feat_chi,
          minmay_tree_intersection, serial_bayou_lagoon_a,
          nicolae_ashenzari_panopticon
D:2:      old_standard_altar, fedhas_altar_3
D:3:      kennysheep_the_goblin_king, chequers_ecumenical_altar_lobes,
          first_ration
D:4:      lemuel_temple_firewalk_b
D:5:      uniq_duvessa
Temple:   minmay_freezing_vapour_temple

Skill      XL: |  1  2  3  4  5  6 |
---------------+-------------------+-----
Conjurations   | 2 3 5 6 |  6.2
Spellcasting   | 5 |  5.0
Dodging        | |  1.7
Stealth        | |  1.7
Summonings     | |  1.0
Translocations | |  0.8

Action                   |  1- 3 |  4- 6 |  7- 9 || total
-------------------------+-------+-------+-------++-------
Melee: Unarmed           |    16 |       |       ||    16
       Club              |    46 |       |       ||    46
       Short sword       |     7 |   160 |       ||   167
 Cast: Magic Dart        |    71 |   108 |     1 ||   180
       Mephitic Cloud    |       |     1 |       ||     1
Evoke: Wand              |       |     2 |       ||     2
  Use: Scroll            |     4 |       |       ||     4
       Potion            |       |     2 |       ||     2
 Stab: Sleeping          |     5 |       |       ||     5
  Eat: Chunk             |     5 |     3 |       ||     8
       Ration            |       |     1 |       ||     1
Armor: Robe              |    19 |    39 |       ||    58
Dodge: Dodged            |    61 |   138 |       ||   199

Table legend:
 A = Spawn XP
 B = Non-spawn XP
 C = Spawn XP percentage of total XP
 D = Spawn monster count
 E = Non-spawn monster count
 F = Spawn count percentage of total count
 G = Total turns spent on level
                    A         B        C        D         E        F      G
               +---------+---------+-------+---------+---------+-------+---------
         Total |       0 |     831 |   0.0 |       0 |      88 |   0.0 |  4306
               +---------+---------+-------+---------+---------+-------+---------
           D:1 |       0 |      52 |   0.0 |       0 |      21 |   0.0 |  1648
           D:2 |       0 |      36 |   0.0 |       0 |      13 |   0.0 |   742
           D:3 |       0 |     194 |   0.0 |       0 |      30 |   0.0 |  1053
           D:4 |       0 |      32 |   0.0 |       0 |       8 |   0.0 |   553
           D:5 |       0 |     517 |   0.0 |       0 |      16 |   0.0 |   299
               +---------+---------+-------+---------+---------+-------+---------
